 Dungeon Crawl Stone Soup version 0.24.0-125-gc4c63601f3 (webtiles) character file.

Game seed: 10210370523602624872, levelgen mode: deterministic

243 Kniotic the Insei (level 5, -15/41 HPs)
             Began as a Demonspawn Monk on Feb 20, 2020.
             Demolished by an ogre
             ... wielding a +0 giant club
              (30 damage)
             ... on level 4 of the Dungeon.
             The game lasted 00:05:50 (4189 turns).

Kniotic the Insei (Demonspawn Monk)                 Turns: 4189, Time: 00:05:51

Health: -15/41     AC:  8    Str: 12    XL:     5   Next: 82%
Magic:  5/5        EV: 13    Int: 11    God:
Gold:   180        SH:  0    Dex: 16    Spells: 4/4 levels left

rFire    . . .     SeeInvis .     - Unarmed
rCold    . . .     Gourm    .   (no shield)
rNeg     . . .     Faith    .   a - +0 robe
rPois    .         Spirit   .   (helmet restricted)
rElec    .         Reflect  .   (no cloak)
rCorr    .         Harm     .   (no gloves)
MR       .....                  (no boots)
Stlth    ++........             (no amulet)
HPRegen  0.13/turn              (no ring)
MPRegen  0.09/turn              (no ring)

@: sanguine armour
A: horns 1, demonic guardian 1, sanguine armour 1
a: no special abilities


You were on level 4 of the Dungeon.
You were not hungry.

You visited 2 branches of the dungeon, and saw 5 of its levels.

You collected 180 gold pieces.

Inventory:

Armour
 a - a +0 robe (worn)
 o - a +0 helmet
Jewellery
 k - an uncursed ring of magical power {unknown}
 p - an uncursed ring of fire {unknown}
Wands
 n - a wand of disintegration (14)
Scrolls
 d - 4 scrolls of identify {unknown}
 f - 3 scrolls of teleportation {unknown}
 h - 5 scrolls of remove curse {unknown}
 l - a scroll of noise {unknown}
 q - a scroll of amnesia {unknown}
 r - a scroll of magic mapping {unknown}
Potions
 c - a potion of degeneration {unknown}
 e - 3 potions of might {unknown}
 g - a potion of ambrosia {unknown}
 i - 3 potions of heal wounds {unknown}
 j - a potion of cancellation {unknown}
Comestibles
 b - 6 rations
 m - 3 chunks of flesh


   Skills:
 - Level 3.0 Fighting
 - Level 2.6 Dodging
 - Level 1.7 Stealth
 + Level 6.0 Unarmed Combat


You had 4 spell levels left.
You didn't know any spells.
Your spell library was empty.

Dungeon Overview and Level Annotations

Branches:
Dungeon (4/15)             Temple (1/1) D:4

Altars:
Ashenzari
Elyvilon
Fedhas
Gozag
Hepliaklqana
Kikubaaqudgha
Makhleb
Okawaru
Qazlal
Trog
Uskayaw
Xom
Yredelemnul
Zin
The Shining One

Annotations:
D:2 1 runed translucent door, Crazy Yiuf


Innate Abilities, Weirdness & Mutations

You have a pair of small horns on your head.
A weak demonic guardian rushes to your aid.
When seriously injured, your bleeding wounds create armour. (AC +6)


Message History

The scorpion stings your iron imp.
Your quasit bites the scorpion but does no damage.
Your quasit barely misses the scorpion.
Your quasit claws the scorpion but does no damage.
Your iron imp closely misses the scorpion.
The ogre barely misses your iron imp. The scorpion stings your iron imp!
Your quasit bites the scorpion but does no damage.
Your quasit completely misses the scorpion.
Your quasit barely misses the scorpion.
Your iron imp hits the scorpion!
Your quasit barely misses the scorpion.
Your quasit claws the scorpion but does no damage. x2
The scorpion stings your iron imp.
Your iron imp dies!
Your quasit bites the scorpion but does no damage.
Your quasit claws the scorpion but does no damage. x2
The scorpion misses your quasit.
The ogre hits you with a +0 giant club!!
Ouch! That really hurt!
You die...

...+..# #...## ....#..#
#...## ## #+###..# ######
######.##.###..######...##
..........................
..........................
###....###'#####.....##
.###..O.##.....##.....##
.....s5@#.......#.....#.
.........#.......#.....#.
...##..##.####...#...#####
.. #.. #.# #######....## .
.(.. ... #.....'. .....
.[<. #.>...#. .## ##.
##....## ## ####### #.


You could see an ogre, a scorpion and a friendly quasit.

Vanquished Creatures
  An ogre (D:2)
  An orc priest (D:3)
  2 orc wizards (D:3)
  2 adders
  2 oozes
  A dart slug (D:4)
  3 leopard geckos
  9 orcs
  A ball python (D:2)
  4 bats
  A giant cockroach (D:1)
  9 goblins
  9 hobgoblins
  2 jackals (D:1)
  A quokka (D:2)
  A frilled lizard (D:4)
  3 kobolds
  3 rats
55 creatures vanquished.

Vanquished Creatures (collateral kills)
  2 gnolls (D:2)
  2 orcs (D:3)
  A hobgoblin (D:2)
5 creatures vanquished.

Grand Total: 60 creatures vanquished

Notes
Turn   | Place    | Note
-------+----------+-------------------------------------------
     0 | D:1      | Kniotic the Demonspawn Monk began the quest for the Orb.
     0 | D:1      | Reached XP level 1. HP: 18/18 MP: 1/1
    65 | D:1      | Reached skill level 3 in Unarmed Combat
    92 | D:1      | Gained mutation: A weak demonic guardian rushes to your
                  | aid. [demonic ancestry]
    92 | D:1      | Reached XP level 2. HP: 12/24 MP: 2/2
  1585 | D:2      | Noticed an ogre
  1724 | D:2      | Reached skill level 4 in Unarmed Combat
  1724 | D:2      | Reached XP level 3. HP: 15/29 MP: 3/3
  1979 | D:2      | Found a runed translucent door.
  1980 | D:2      | Noticed Crazy Yiuf
  2145 | D:2      | Killed an ogre
  2145 | D:2      | Gained mutation: When seriously injured, your bleeding
                  | wounds create armour. (AC +6) [demonic ancestry]
  2145 | D:2      | Reached XP level 4. HP: 21/35 MP: 4/4
  2593 | D:2      | Reached skill level 5 in Unarmed Combat
  2795 | D:3      | Found a hide-covered altar of Uskayaw.
  2899 | D:3      | Gained mutation: You have a pair of small horns on your
                  | head. [demonic ancestry]
  2899 | D:3      | Reached XP level 5. HP: 27/41 MP: 5/5
  3789 | D:3      | Reached skill level 6 in Unarmed Combat
  4004 | D:4      | Found a staircase to the Ecumenical Temple.
  4018 | Temple   | Entered the Ecumenical Temple
  4178 | D:4      | Noticed an ogre
  4189 | D:4      | Demolished by an ogre

Levels and vault maps discovered:
D:1:      dpeg_arrival_solitude, layout_loops_ring, dk_noncrumbling_4
D:2:      layout_rooms, feat_on_display, uniq_crazy_yiuf_cottage
D:3:      layout_basic, eat_drink_and_be_merry_uskayaw, first_ration
D:4:      layout_gridville, gammafunk_temple_overflow_pools,
          minmay_temple_entry_drinking_statues, hangedman_decor_growths,
          serial_park_tiny_pond, grunt_decor_one_mirror
Temple:   eino_temple_lava

Skill      XL: |  1  2  3  4  5 |
---------------+----------------+-----
Unarmed Combat | 3 4 5 6 |  6.0
Fighting       | |  3.0
Dodging        | |  2.6
Stealth        | |  1.7

Action                   |  1- 3 |  4- 6 || total
-------------------------+-------+-------++-------
Melee: Unarmed           |   147 |    86 ||   233
       Punch             |       |     1 ||     1
       Headbutt          |       |    10 ||    10
 Stab: Sleeping          |     1 |     4 ||     5
       Distracted        |     1 |     1 ||     2
  Eat: Chunk             |     4 |     6 ||    10
Armor: Robe              |    15 |    10 ||    25
Dodge: Dodged            |    96 |    36 ||   132
